cohdb
Replays
Latest Replays
All Replays
Popular Replays
Top Player Replays
Match Explorer
How It Works
Community
CoH3 Stats
Reddit
Sign in to upload your games and track your stats! →
Sign in with Steam
Match 45839959
Unlisted
Match 45839959
Overview
Messages
Build Orders
End
Kettenkrad Recon Vehicle
Construct Infanterie Kompanie
Construct Infanterie Kompanie
Construct Infanterie Kompanie
Selects Mechanized Battlegroup
Grenadier Squad
Grenadier Squad
Grenadier Squad
Grenadier Squad
Construct Luftwaffe Kompanie
Jäger Squad
Selects Mobile Repair Stations
Jäger Squad
Jäger Squad
221 Scout Car
Luftwaffe Officer Quarters
Selects Raid Package
Selects StuG Assault Group
Medical Station
Support Elements
Selects UNKNOWN (2160084)
Marder III M Tank Destroyer
Construct Panzer Kompanie
chmod 777
Nick
Thermidor
hitkidsnotjuuls
0
0
Comments
sign in to comment!
No comments posted yet!